 Dungeon Crawl Stone Soup version 0.31.0-11-ge490571c62 (webtiles) character file.

Game seed: 150763559987083466

124 qw the Skirmisher (level 4, 0/25 HPs)
             Began as a Deep Elf Hunter on Feb 4, 2024.
             Slain by Pikel
             ... wielding a +2 whip of flaming
              (2 damage)
             ... on level 4 of the Dungeon.
             The game lasted 00:00:07 (2410 turns).

qw the Skirmisher (Deep Elf Hunter)                 Turns: 2410, Time: 00:00:08

Health: 0/25       AC:  7    Str: 16    XL:     4   Next: 81%
Magic:  6/6        EV: 10    Int: 14    God:
Gold:   178        SH:  0    Dex: 18    Spells: 3/3 levels left

rFire   . . .        a - +0 shortbow
rCold   . . .        (shield currently unavailable)
rNeg    . . .        b - +0 scale mail
rPois   .            (no helmet)
rElec   .            f - +0 cloak
rCorr   .            (no gloves)
SInv    .            (no boots)
Will    .....        h - amulet of the acrobat
Stlth   +            g - +6 ring of strength
HPRegen 0.24/turn    (no ring)
MPRegen 0.10/turn

%: acrobat
@: no status effects
A: no striking features
a: no special abilities


You were on level 4 of the Dungeon.
You visited 1 branch of the dungeon, and saw 4 of its levels.

You collected 178 gold pieces.


   Skills:
 - Level 1.5 Fighting
 + Level 8.2 Ranged Weapons
 - Level 2.4 Dodging
 - Level 1.2 Stealth


You had 3 spell levels left.
You didn't know any spells.
Your spell library was empty.

Inventory:

Hand Weapons
 a - a +0 shortbow (weapon)
Armour
 b - a +0 scale mail (worn)
 f - a +0 cloak (worn)
Jewellery
 g - a +6 ring of strength (left hand)
 h - an amulet of the acrobat (around neck)
Scrolls
 d - 2 scrolls of identify
 m - a scroll of teleportation {unknown}
Potions
 c - a potion of lignification {unknown}
 e - a potion of cancellation
 i - 2 potions of heal wounds
 j - a potion of enlightenment
 l - a potion of might {unknown}

Dungeon Overview and Level Annotations

Branches:
Dungeon (4/15)
 Temple: D:4-7

Altars:

Annotations:
D:4 Pikel


Message History

The lemure is almost dead.
2404 ||| ZAPPING wand of iceblast (3) at 0,-2 (lemure; floor).
Aiming: Iceblast
Press: ? - help, Q - select action, (/) - cycle Shift-Dir - straight line, f/p - lemure The mass of ice explodes!
The iceblast engulfs the lemure!
You kill the lemure!
That felt strangely unrewarding.
2405 ||| ZAPPING wand of iceblast (2) at 0,-3 (Pikel; floor).
Aiming: Iceblast
Press: ? - help, Q - select action, (/) - cycle Shift-Dir - straight line, f - Pikel The mass of ice explodes!
The iceblast engulfs Pikel!
Pikel is lightly wounded.
2406 ||| ZAPPING wand of iceblast (1) at 0,-2 (Pikel; floor).
Aiming: Iceblast
Press: ? - help, Q - select action, (/) - cycle Shift-Dir - straight line, f/p - Pikel The mass of ice explodes!
The iceblast engulfs Pikel.
Pikel is moderately wounded.
The now-empty wand crumbles to dust.
You shoot an arrow.
The arrow hits Pikel but does no damage.
Pikel is moderately wounded.
An orc wizard comes into view. It is wielding a +0 dagger.
Pikel hits you but does no damage.
You shoot an arrow.
The arrow hits Pikel but does no damage.
Pikel is moderately wounded.
Pikel hits you with a +2 whip of flaming!
Pikel burns you.
You shoot an arrow. The arrow hits Pikel!
Pikel is heavily wounded.
A lemure comes into view.
Pikel closely misses you.
Pikel hits you with a +2 whip of flaming.
Pikel burns you.
The lemure moves out of view.
You shoot an arrow. The arrow hits Pikel.
Pikel is severely wounded.
Pikel hits you with a +2 whip of flaming.
Pikel burns you.
You die...
Pikel says, "Another soul for the market."

#....... ...
....#.#. #<#
#...#.#. #.#
........ ..# #.#
#...#.#. #.# #o#
...%..... #.. #.#
#5# #....#.#. #..
#.# #K# #....#.#.
#..##.# #@#
......... #
#..##.# #.#
##...###. ##.#
#..##.# #.#
#.......
....##..##.#####.#
###...#.#
.................#
..(......
.#..##...#.#######
.......>#
................
#######.#
...%.......#####
#.# .#..##.....##
########.#


You could see Pikel, a lemure and an orc wizard.

Vanquished Creatures
  A lemure (D:4)
  An orc priest (D:3)
  Ijyb (D:3)
  A dart slug (D:1)
  3 orcs
  6 bats
  4 endoplasms (D:1)
  7 giant cockroaches
  6 goblins
  4 hobgoblins
  3 jackals (D:2)
  4 quokkas (D:1)
  6 ball pythons
  A frilled lizard (D:1)
  5 kobolds
  8 rats
61 creatures vanquished.

Notes
Turn   | Place    | Note
-------+----------+-------------------------------------------
     0 | D:1      | qw the Deep Elf Hunter began the quest for the Orb.
     0 | D:1      | Reached XP level 1. HP: 12/12 MP: 3/3
     0 | D:1      | 0 ||| qw: Version: 0.3-a-160-g6735b56
     0 | D:1      | 0 ||| qw: Game counter: 4813
     0 | D:1      | 0 ||| qw: Melee chars always use a shield: true
     0 | D:1      | 0 ||| qw: God list: Okawaru
     0 | D:1      | 0 ||| qw: Allow faded altars: false
     0 | D:1      | 0 ||| qw: Do Orc after clearing Dungeon:15 true
     0 | D:1      | 0 ||| qw: Do second Lair branch before Depths: true
     0 | D:1      | 0 ||| qw: Lair rune preference: random
     0 | D:1      | 0 ||| qw: Goals: Normal
     0 | D:1      | 0 ||| PLANNING D:1-11
   170 | D:1      | Reached skill level 6 in Ranged Weapons
   170 | D:1      | Reached XP level 2. HP: 16/16 MP: 4/4
   448 | D:1      | Reached XP level 3. HP: 20/20 MP: 5/5
   720 | D:1      | 720 ||| UPGRADING to +0 cloak.
   725 | D:1      | 725 ||| UPGRADING to +6 ring of strength.
   726 | D:1      | 726 ||| READING 2 scrolls labelled DASMOIDECH.
   726 | D:1      | 726 ||| IDENTIFYING metallic puce potion
   727 | D:1      | 727 ||| DROPPING scroll of butterflies.
   728 | D:1      | 728 ||| DROPPING potion of degeneration.
  1038 | D:2      | Reached skill level 7 in Ranged Weapons
  1098 | D:2      | Found a faded altar of an unknown god.
  1331 | D:2      | 1331 ||| UPGRADING to +0 scale mail.
  1341 | D:2      | 1341 ||| DROPPING +0 leather armour.
  1342 | D:2      | 1342 ||| UPGRADING to amulet of the acrobat.
  1347 | D:2      | 1347 ||| READING scroll of identify.
  1347 | D:2      | 1347 ||| IDENTIFYING sapphire potion
  1348 | D:2      | 1348 ||| DRINKING 2 murky pink potions.
  1426 | D:3      | Reached XP level 4. HP: 22/25 MP: 6/6
  1632 | D:3      | Noticed Ijyb
  1645 | D:3      | Killed Ijyb
  1646 | D:3      | Reached skill level 8 in Ranged Weapons
  2100 | D:3      | 2100 ||| READING 2 scrolls of identify.
  2100 | D:3      | 2100 ||| IDENTIFYING puce potion
  2101 | D:3      | 2101 ||| READING scroll of identify.
  2101 | D:3      | 2101 ||| IDENTIFYING sedimented black potion
  2102 | D:3      | 2102 ||| READING scroll labelled WEIPSE CAUJU.
  2103 | D:3      | 2103 ||| READING scroll labelled UVOITA JIAZA.
  2204 | D:3      | 2204 ||| DROPPING potion of berserk rage.
  2399 | D:4      | Noticed a lemure
  2399 | D:4      | Noticed a lemure
  2400 | D:4      | Noticed Pikel
  2401 | D:4      | 2401 ||| ZAPPING wand of iceblast (6) at 0,-5 (lemure;
                  | floor).
  2402 | D:4      | 2402 ||| ZAPPING wand of iceblast (5) at 0,-4 (lemure;
                  | floor).
  2403 | D:4      | 2403 ||| ZAPPING wand of iceblast (4) at 0,-3 (lemure;
                  | floor).
  2404 | D:4      | 2404 ||| ZAPPING wand of iceblast (3) at 0,-2 (lemure;
                  | floor).
  2404 | D:4      | Killed a lemure
  2405 | D:4      | 2405 ||| ZAPPING wand of iceblast (2) at 0,-3 (Pikel;
                  | floor).
  2406 | D:4      | 2406 ||| ZAPPING wand of iceblast (1) at 0,-2 (Pikel;
                  | floor).
  2409 | D:4      | Noticed a lemure
  2410 | D:4      | HP: 2/25 [Pikel/+2 whip of flaming (6)]
  2410 | D:4      | Slain by Pikel

Levels and vault maps discovered:
D:1:      lemuel_arrival_funnel, layout_basic
D:2:      layout_basic, dreamdust_ecumenical_altar_sealed_demon,
          kennysheep_donut, kennysheep_boxes
D:3:      layout_loops_ring, uniq_ijyb
D:4:      layout_basic, gammafunk_temple_overflow_statue, uniq_robin, uniq_pikel

Skill      XL: |  1  2  3  4 |
---------------+-------------+-----
Ranged Weapons | 6 7 8 |  8.2
Fighting       | |  1.5
Dodging        | |  2.4
Stealth        | |  1.2

Action                     |  1- 3 |  4- 6 || total
---------------------------+-------+-------++-------
   Fire: Shortbow          |   120 |    46 ||   166
  Evoke: Wand              |       |     6 ||     6
    Use: Scroll            |     2 |     4 ||     6
         Potion            |     1 |       ||     1
 Armour: Leather armour    |    14 |       ||    14
         Scale mail        |     6 |    18 ||    24
  Dodge: Dodged            |    25 |     7 ||    32

Table legend:
 A = Non-vault XP
 B = Vault XP
 C = Vault XP percentage of total XP
 D = Non-vault monster count
 E = Vault monster count
 F = Vault count percentage of total count
                 A         B        C        D         E       F
            +---------+---------+-------+---------+---------+-------
      Total |     142 |      36 |  20.2 |      59 |       1 |   1.7
            +---------+---------+-------+---------+---------+-------
        D:1 |      48 |       0 |   0.0 |      28 |       0 |   0.0
        D:2 |      22 |       0 |   0.0 |      13 |       0 |   0.0
        D:3 |      63 |      36 |  36.4 |      13 |       1 |   7.1
        D:4 |       9 |       0 |   0.0 |       5 |       0 |   0.0
            +---------+---------+-------+---------+---------+-------
